 Dungeon Crawl Stone Soup version 0.31-a0-851-g7ff8af7976 (webtiles) character file.

Game seed: 4594982555230177163

9818 Kurtz the Cleaver (level 11, -5/78 HPs)
             Began as a Mummy Delver on Oct 6, 2023.
             Was an Initiate of Gozag.
             Hit by a silver javelin thrown by a minotaur (10 damage)
             ... in a Gauntlet.
             The game lasted 00:26:30 (14425 turns).

Kurtz the Cleaver (Mummy Delver)                   Turns: 14425, Time: 00:26:31

Health: -5/78      AC: 16    Str: 20    XL:     11   Next: 28%
Magic:  0/20       EV:  7    Int:  9    God:    Gozag
Gold:   349        SH: 11    Dex: 17    Spells: 10/10 levels left

rFire   x . .        e - +1 hand axe (flame)
rCold   + + .        p - +0 kite shield
rNeg    + + +        s - +0 plate armour
rPois   ∞            k - +0 helmet
rElec   .            g - +0 cloak
rCorr   .            x - +0 pair of gloves "Gimpibip" {Str+3}
SInv    .            (no boots)
Will    +....        j - amulet of guardian spirit Stlth
                     A - ring of protection from cold
HPRegen 0.33/turn    v - ring of magical power
MPRegen 0.17/turn

%: no teleportation, guardian spirit, faith
@: studying Fighting
A: cold resistance 1, negative energy resistance 3, torment resistance 2, heat
vulnerability 1, in touch with death 1, no potions, faith
a: Renounce Religion, Potion Petition, Call Merchant, Bribe Branch


You were in a Gauntlet.
You worshipped Gozag.
Gozag was aware of your devotion.
You visited 2 branches of the dungeon, and saw 12 of its levels.
You also visited: Gauntlet.

You collected 1643 gold pieces.
You spent 364 gold pieces at shops.
You paid 930 gold pieces to Gozag.

Inventory:

Hand Weapons
 e - a +1 hand axe of flaming (weapon)
 h - a +2 hand axe of venom
 t - a +4 whip of electrocution
 y - a +1 mace of protection
 H - a +0 war axe
Missiles
 l - 13 boomerangs
 z - a silver javelin
 C - 17 poisoned darts
 F - 4 javelins (quivered)
Armour
 g - a +0 cloak (worn)
 i - an orb of energy
 k - a +0 helmet (worn)
 p - a +0 kite shield (worn)
 s - a +0 plate armour (worn)
 x - the +0 pair of gloves "Gimpibip" (worn) {Str+3}
   (You found it in a Gauntlet)

   Str+3:     It affects your strength (+3).
 D - the +2 ring mail of Howling Wind {rElec rPois Stlth+}
   (You bought it in a shop on level 2 of the Dungeon)

   rElec:     It insulates you from electricity.
   rPois:     It protects you from poison Stlth+: It makes you more stealthy.
Jewellery
 j - an amulet of guardian spirit (around neck)
 v - a ring of magical power (right hand)
 A - a ring of protection from cold (left hand)
 B - a ring of resist corrosion
Wands
 f - a wand of digging (3)
 u - a wand of flame (9)
Scrolls
 a - a scroll of poison
 b - 3 scrolls of noise
 d - 3 scrolls of revelation
 m - 2 scrolls of immolation
 o - a scroll of vulnerability
 q - a scroll of blinking
 r - 4 scrolls of teleportation
 w - 5 scrolls of enchant weapon
 E - a scroll of amnesia
 G - a scroll of enchant armour {unknown}
 I - a scroll of brand weapon {unknown}


   Skills:
 - Level 4.3 Fighting
 * Level 10.7 Axes
 - Level 5.4 Armour
 - Level 5.5 Dodging
 - Level 4.1 Stealth
 * Level 6.7 Shields


You had 10 spell levels left.
You didn't know any spells.
Your spell library contained the following spells:

 Spells                   Type           Power      Damage    Failure   Level
 Freeze                   Ice            0%         1d3       100%        1
 Shock                    Conj/Air       0%         1d3       100%        1
 Blink                    Tloc           0%         N/A       100%        2
 Lesser Beckoning         Tloc           0%         N/A       100%        2
 Momentum Strike          Conj/Tloc      0%         3d8       100%        2
 Frozen Ramparts          Ice            0%         1d1       100%        3
 Hailstorm                Conj/Ice       0%         3d3       100%        3
 Swiftness                Air            0%         N/A       100%        3
 Airstrike                Air            0%         2d(0-16)  100%        4
 Cause Fear               Hex            0%         N/A       100%        4
 Fireball                 Conj/Fire      0%         3d3       100%        5
 Dragon's Call            Summ           0%         N/A       100%        9


Dungeon Overview and Level Annotations

Branches:
Dungeon (11/15)            Temple (1/1) D:5            Lair (0/5) D:9
    Orc (0/2) D:11        Gauntlet (1/1)

Altars:
Ashenzari
Cheibriados
Dithmenos
Fedhas
Gozag
Hepliaklqana
Kikubaaqudgha
Makhleb
Nemelex Xobeh
Qazlal
Ru
Sif Muna
Trog
Uskayaw
Vehumet
Wu Jian
Xom
Yredelemnul

Shops:
D:2 [   D:3 ([

Annotations:
D:7 3 runed translucent doors, exclusions: downstairs and steam dragon, HilariousDeathArtist's ghost, novice DrSu
D:8 3 runed translucent doors, exclusion: 2 downstairs, XomNomNom's ghost, novice DsMo
D:9 exclusion: downstairs
D:10 Erolcha Gauntlet 4 transporters, 1 runed translucent door


Innate Abilities, Weirdness & Mutations

You are immune to poison.
Your flesh is cold resistant. (rC+)
You are immune to negative energy. (rN+++)
You are immune to unholy pain and torment.
You are vulnerable to heat. (rF-)
You are in touch with the powers of death.
You do not drink.
You have a special connection with the divine. (Faith)


Message History

HP restored.
You enter the transporter and appear at another place.
A minotaur comes into view.
It is wielding a +0 triple crossbow and quivering silver javelins.
The minotaur bellows!
Okay, then.
The minotaur shoots a bolt.
The bolt completely misses you.
The minotaur throws a silver javelin.
The silver javelin pierces through you!!
There is a transporter landing site here.
The minotaur shoots a bolt.
The bolt hits you!!
The minotaur shoots a bolt.
The bolt barely misses you.
The air fills with toxic fumes!
As you read the scroll of poison, it crumbles to dust.
The minotaur shoots a bolt.
The bolt barely misses you.
The minotaur shoots a bolt.
You block the bolt.
A minotaur is nearby!
There are no items here.
The minotaur is poisoned.
The minotaur shoots a bolt.
The bolt hits you!
* * * LOW HITPOINT WARNING * * *
The minotaur is engulfed in poison gas.
The minotaur looks even sicker.
Found a bloodstained leather armour and a wand of paralysis (4).
Found a manual of Fighting and a wand of iceblast (4).
Found a gate leading back out of this place.
There is an open door here.
The minotaur throws a silver javelin.
The silver javelin pierces through you!!
* * * LOW HITPOINT WARNING * * *
x2 You close the door.
Unknown command.
Okay, then.
As you read the scroll of fog, it dissolves into smoke.
A minotaur opens the door.
Things that are here:
a manual of Fighting; a blade talisman; a felid skeleton You pick up a manual of Fighting and begin studying.
As you read the scroll of fear, it crumbles to dust.
You assume a fearsome visage.
The minotaur easily resists.
The minotaur throws a silver javelin.
The silver javelin pierces through you!
You die...
Your body crumbles into a pile of gold.

#..###≈## #...#≈≈≈#
#...#...########
#.8.#..........#
#.⌠.#.8.###.##.##
#.8.#.©........8#
#...#.8.#.#.....#
#...#.©.#.#.#########
#.8.#.8.#...#8§8@8§8#
#.∩.#.©H###.§§H§§§§§#
#.8.#.8.#...#8§8§8§8#
#...#.©.#.#.#########
#...#.8.#.#....
#.8.#.©........
#.⌠.#.8.###.##
#.8.#..........
#...#...#######


You could see a minotaur (poisoned).

Vanquished Creatures
  A green death (Gauntlet)
  A two-headed ogre (D:9)
  A sixfirhy (Gauntlet)
  An apocalypse crab (Gauntlet)
  An orange demon (Gauntlet)
  A troll (D:9)
  A shadow (D:9)
  2 centaur simulacra (Gauntlet)
  8 yaks
  2 vampire mosquitoes
  A neqoxec (Gauntlet)
  Grum (D:10)
  A chaos spawn (Gauntlet)
  3 orc warriors
  2 water moccasins
  2 ice beasts
  2 sky beasts (D:7)
  3 black bears
  2 ogres (D:5)
  5 centaurs
  A phantom (D:6)
  3 wolves
  A kobold brigand (D:9)
  A gnoll sergeant (D:8)
  6 scorpions
  A cane toad simulacrum (Gauntlet)
  7 wights
  10 killer bees
  6 howler monkeys
  5 jellies
  3 gnoll boudas
  5 orc priests
  A sleepcap (D:6)
  3 iguanas
  10 orc wizards
  Terence (D:3)
  15 gnolls
  8 adders
  A white imp (D:6)
  4 ufetubi
  4 worms
  A dart slug (D:5)
  28 orcs
  7 ball pythons
  6 endoplasms
  3 giant cockroaches
  10 goblins
  4 hobgoblins
  4 jackals (D:3)
  2 quokkas
  4 bats
  3 frilled lizards
  13 kobolds
  4 rats
226 creatures vanquished.

Vanquished Creatures (others)
  Maurice (D:9)
1 creature vanquished.

Grand Total: 227 creatures vanquished

Notes
Turn   | Place    | Note
-------+----------+-------------------------------------------
     0 | D:5      | Kurtz the Mummy Delver began the quest for the Orb.
     0 | D:5      | Reached XP level 1. HP: 18/18 MP: 1/1
    66 | D:5      | Reached skill level 2 in Axes
    66 | D:5      | Reached XP level 2. HP: 15/24 MP: 2/2
   101 | D:4      | Noticed a howler monkey
   104 | D:4      | Noticed a scorpion
   261 | D:4      | Reached skill level 3 in Axes
   261 | D:4      | Reached XP level 3. HP: 27/29 MP: 3/3
   453 | D:1      | Found a faded altar of an unknown god.
   813 | D:1      | Reached XP level 4. HP: 35/35 MP: 4/4
  1338 | D:2      | Found Ris Maty's Antique Armour Emporium.
  1363 | D:2      | Bought a kite shield for 121 gold pieces
  1742 | D:3      | Reached skill level 4 in Axes
  1878 | D:3      | Reached XP level 5. HP: 38/41 MP: 5/5
  1987 | D:3      | Found Cyipt's Weapon Shop.
  1996 | D:3      | Reached skill level 1 in Shields
  2025 | D:3      | Noticed Terence
  2032 | D:3      | Killed Terence
  2053 | D:3      | Found Zelaeb's Antique Armour Shop.
  2109 | D:3      | Found Ymit's Weapon Boutique.
  2424 | D:4      | Reached XP level 6. HP: 42/47 MP: 6/6
  2451 | D:4      | Found a stormy altar of Qazlal.
  3264 | D:5      | Reached skill level 5 in Axes
  3264 | D:5      | Reached XP level 7. HP: 44/52 MP: 7/7
  3679 | D:5      | Found a staircase to the Ecumenical Temple.
  3712 | D:5      | Reached skill level 6 in Axes
  3730 | Temple   | Entered the Ecumenical Temple
  3743 | Temple   | Became a worshipper of Gozag Ym Sagoz the Greedy
  3815 | D:5      | Found a snail-covered altar of Cheibriados.
  4134 | D:5      | Reached XP level 8. HP: 60/60 MP: 8/8
  5047 | D:6      | Reached skill level 7 in Axes
  5308 | D:6      | HP: 1/60 [wight/+4 dire flail (8)]
  5939 | D:2      | Bought a transparent ring mail for 243 gold pieces
  5939 | D:2      | Identified the +2 ring mail of Howling Wind {rElec rPois
                  | Stlth+} (You bought it in a shop on level 2 of the Dungeon)
  6470 | D:7      | Reached XP level 9. HP: 34/66 MP: 9/9
  6816 | D:7      | Found a shimmering altar of Xom.
  6817 | D:7      | Found a bloodstained altar of Trog.
  7084 | D:7      | Reached skill level 5 in Shields
  7189 | D:7      | Found a runed translucent gate.
  7190 | D:7      | Found a runed translucent gate.
  7191 | D:7      | Found a runed translucent gate.
  7192 | D:7      | Noticed HilariousDeathArtist's ghost (novice DrSu)
  7722 | D:7      | Reached skill level 1 in Armour
  9168 | D:8      | HP: 3/66 [orc warrior/+0 halberd (4)]
  9645 | D:8      | Found a runed translucent gate.
  9645 | D:8      | Found a runed translucent gate.
  9646 | D:8      | Found a runed translucent gate.
  9647 | D:8      | Noticed a kobold demonologist
  9647 | D:8      | Noticed XomNomNom's ghost (novice DsMo)
  9991 | D:9      | Noticed a troll
 10138 | D:9      | Reached skill level 5 in Armour
 10299 | D:9      | Found a staircase to the Lair.
 10304 | D:9      | Noticed a death yak
 10304 | D:9      | Noticed a death yak
 10633 | D:9      | Reached XP level 10. HP: 73/73 MP: 10/10
 10794 | D:9      | Noticed a two-headed ogre
 10837 | D:9      | Killed a two-headed ogre
 10838 | D:9      | Reached skill level 8 in Axes
 10838 | D:9      | Reached skill level 5 in Dodging
 10886 | D:9      | Found a hide-covered altar of Uskayaw.
 10886 | D:9      | Found a sacrificial altar of Ru.
 11272 | D:9      | Noticed Maurice
 12032 | D:9      | Noticed a death yak
 12137 | D:10     | Entered Level 10 of the Dungeon
 12168 | D:9      | Maurice stole a +4 whip of electrocution
 12181 | D:9      | Something stole a ring of resist corrosion
 12182 | D:9      | Something stole an orb of energy
 12193 | D:9      | Killed Maurice
 12194 | D:9      | Reached skill level 9 in Axes
 12306 | D:10     | Noticed a two-headed ogre
 12864 | D:10     | Identified the +0 spear of Eye-covered Integrity {protect,
                  | rN++ Int-3 Dex+2 SInv}
 12872 | D:10     | Noticed Grum
 13061 | D:10     | Killed Grum
 13086 | D:10     | Reached skill level 10 in Axes
 13456 | D:10     | Noticed Erolcha
 13471 | D:11     | Found a gate leading to a gauntlet.
 13520 | Gauntlet | Entered a Gauntlet
 13520 | Gauntlet | Found a transporter.
 13531 | Gauntlet | Found a transporter.
 13534 | Gauntlet | Found a transporter.
 13535 | Gauntlet | Found a transporter.
 13537 | Gauntlet | Noticed a sixfirhy
 13543 | Gauntlet | Found a transporter.
 13546 | Gauntlet | Found a transporter.
 13547 | Gauntlet | Found a transporter.
 13551 | Gauntlet | Found a runed translucent door.
 13555 | Gauntlet | Found a transporter.
 13558 | Gauntlet | Found a transporter.
 13559 | Gauntlet | Found a transporter.
 13567 | Gauntlet | Noticed an apocalypse crab
 13571 | Gauntlet | Found a transporter.
 13572 | Gauntlet | Found a transporter.
 13576 | Gauntlet | Found a transporter.
 13578 | Gauntlet | Noticed an orange demon
 13579 | Gauntlet | Noticed a green death
 13580 | Gauntlet | Found a transporter.
 13620 | Gauntlet | Found a runed translucent door.
 13762 | Gauntlet | Killed a sixfirhy
 13763 | Gauntlet | Reached XP level 11. HP: 41/78 MP: 11/11
 14155 | Gauntlet | Identified the +0 pair of gloves "Gimpibip" {Str+3}
 14156 | Gauntlet | Killed a green death
 14396 | Gauntlet | Identified the +1 glaive of Dim Light {flame, rN+}
 14396 | Gauntlet | Noticed a minotaur
 14418 | Gauntlet | HP: 3/78 [minotaur/silver javelin (17)]
 14425 | Gauntlet | Hit by a silver javelin thrown by a minotaur

Illustrated notes

Levels and vault maps discovered:
D:1:      dpeg_arrival_houses_and_road, layout_loops_ring,
          shapermc_ecumenical_altar_totnotflames, serial_bayou_ford_a,
          hex_medium, hangedman_decor_opposing, minmay_misc_feat_doors,
          minmay_misc_feat_room
D:2:      layout_loops_cross, serial_shops, shop
D:3:      layout_basic, serial_shops, nicolae_diamond_shop, shop, shop,
          uniq_terence
D:4:      layout_basic, nicolae_qazlal_scattered_showers
D:5:      layout_loops_ring, slow_altar_2, mainiacjoe_overflow_alcove_1,
          temple_doors_e
D:6:      layout_rooms
D:7:      layout_loops_ring, mainiacjoe_overflow_big_doors,
          ebering_ghost_rock_garden
D:8:      layout_basic, gammafunk_ghost_nasty_kobolds
D:9:      layout_loops_cross, gammafunk_temple_overflow_statue,
          dpeg_lair_monsters, minivault_11, uniq_maurice
D:10:     layout_loops_ring, okawaru_ov_weapons_minmay, special_room
          [special_room_orc], minmay_tree_intersection, corexii_hall_statues_u,
          serial_park_tiny_2, uniq_sonja, uniq_erolcha, uniq_grum
D:11:     layout_loops_ring, orc_0_dummy, gauntlet_entry_generic, uniq_nergalle,
          uniq_lodul
Temple:   nicolae_temple_bog_church
Gauntlet: gammafunk_gauntlet_77_escape_option
          [minmay_gauntlet_arena_77_block_sizes,
          minmay_gauntlet_arena_77_mirror, minmay_gauntlet_arena_77_shame_cube,
          minmay_gauntlet_arena_77_two_lines,
          minmay_gauntlet_arena_77_two_paths,
          nicolae_gauntlet_exit_dead_adventurers]

Skill      XL: |  1  2  3  4  5  6  7  8  9 10 |
---------------+-------------------------------+-----
Axes           | 2 3 4 5 6 7 10 | 10.7
Shields        | 2 3 4 5 6 |  6.7
Fighting       | 4 |  4.3
Dodging        | 3 4 5 |  5.5
Armour         | 5 |  5.4
Stealth        | |  4.1

Action                     |  1- 3 |  4- 6 |  7- 9 | 10-12 || total
---------------------------+-------+-------+-------+-------++-------
  Melee: Hand axe          |    72 |    69 |   431 |   389 ||   961
         Punch             |       |     1 |       |       ||     1
         Whip              |       |    94 |    80 |       ||   174
  Throw: Javelin           |       |       |    31 |     4 ||    35
         Dart              |       |       |     5 |     7 ||    12
         Boomerang         |       |       |     1 |     1 ||     2
 Invoke: Potion Petition   |       |       |       |     2 ||     2
  Evoke: Wand              |       |       |    10 |    10 ||    20
    Use: Scroll            |     1 |       |     8 |     5 ||    14
   Stab: Sleeping          |     7 |     5 |     4 |       ||    16
         Distracted        |       |     1 |     1 |     1 ||     3
         Paralysed         |       |       |    13 |       ||    13
 Armour: Leather armour    |    34 |       |       |       ||    34
         Ring mail         |    24 |    83 |   282 |       ||   389
         Plate armour      |       |       |    91 |   283 ||   374
  Dodge: Dodged            |    50 |    48 |   230 |    69 ||   397
  Block: Kite shield       |       |    45 |   258 |   169 ||   472

Table legend: (Time is in decaauts)
 A = Elapsed time spent in this place.
 B = Non-inter-level travel time spent in this place.
 C = Inter-level travel time spent in this place.
 D = Time resting spent in this place.
 E = Time spent auto-exploring this place.
 F = Levels seen in this place.
 G = Mean time per level.
                   A        B        C        D        E       F      G
               +--------+--------+--------+--------+--------+-----+--------+
         Total |  14513 |  12970 |   1543 |   4049 |   5458 |  13 | 1116.4 |
       Dungeon |  13593 |  12065 |   1528 |   3744 |   5337 |  11 | 1235.7 |
        Temple |     28 |     14 |     14 |      0 |      0 |   1 |   28.0 |
      Gauntlet |    892 |    892 |      0 |    304 |    121 |   1 |  892.0 |
               +--------+--------+--------+--------+--------+-----+--------+

Top non-repeatable levels by time:
     D:8: 2705 daAuts
     D:5: 2053 daAuts
     D:9: 1974 daAuts
     D:7: 1639 daAuts
     D:4: 1178 daAuts
     D:6: 1052 daAuts
Gauntlet: 892 daAuts
     D:2: 869 daAuts
     D:1: 727 daAuts
     D:3: 678 daAuts
    D:10: 668 daAuts
    D:11: 48 daAuts
  Temple: 28 daAuts
